 Dungeon Crawl Stone Soup version 0.28-a0-1629-gf728b707aa (webtiles) character file.

Game seed: 4309536335058030266

360 HallandMoats the Skirmisher (level 6, -1/52 HPs)
             Began as a Ghoul Fighter on Jan 25, 2022.
             Slain by Prince Ribbit (5 damage)
             ... on level 5 of the Dungeon.
             The game lasted 00:04:42 (4043 turns).

HallandMoats the Skirmisher (Ghoul Fighter)         Turns: 4043, Time: 00:04:42

Health: -1/52      AC:  9    Str: 19 (20) XL:     6   Next: 65%
Magic:  7/7        EV:  9    Int:  4 (5)  God:
Gold:   171        SH:  4    Dex: 12 (14) Spells: 5/5 levels left

rFire   . . .      SeeInvis .   d - +1 flail (protect)
rCold   + . .      Faith    .   c - +0 buckler
rNeg    + + +      Spirit   .   b - +0 scale mail
rPois   ∞          Reflect  .   m - +0 helmet
rElec   .          Harm     .   q - +0 cloak
rCorr   .          Rampage  .   (no gloves)
Will    .....                   (no boots)
Stlth   ..........              (no amulet)
HPRegen 0.00/turn               n - +6 ring of dexterity
MPRegen 0.10/turn               (no ring)

@: attractive, flying, inhibited regen
A: claws 1, cold resistance 1, negative energy resistance 3, inhibited
regeneration, torment resistance 2
a: no special abilities


You were on level 5 of the Dungeon.
You visited 1 branch of the dungeon, and saw 5 of its levels.

You collected 171 gold pieces.

Inventory:

Hand Weapons
 a - a +0 trident
 d - a +1 flail of protection (weapon)
Armour
 b - a +0 scale mail (worn)
 c - a +0 buckler (worn)
 m - a +0 helmet (worn)
 q - a +0 cloak (worn)
Jewellery
 k - a ring of fire
 n - a +6 ring of dexterity (left claw)
 o - a +6 ring of intelligence
Scrolls
 e - 2 scrolls of vulnerability {unknown}
 h - 2 scrolls of enchant weapon {unknown}
 i - 3 scrolls of identify {unknown}
 p - 2 scrolls of teleportation {unknown}
Potions
 f - 2 potions of attraction
 g - a potion of degeneration
 j - a potion of lignification


   Skills:
 + Level 4.0 Fighting
 * Level 3.6 Polearms
 + Level 3.3 Armour
 + Level 1.6 Dodging
 + Level 3.3 Shields
 * Level 3.4 Invocations


You had 5 spell levels left.
You didn't know any spells.
Your spell library contained the following spells:

 Spells                   Type           Power      Damage    Failure   Level
 Foxfire                  Conj/Fire      0%         2x1d4     92%         1
 Magic Dart               Conj           0%         1d3       92%         1
 Sting                    Tmut/Pois      0%         1d3       92%         1
 Call Imp                 Summ           0%         N/A       98%         2
 Poisonous Vapours        Pois/Air       0%         N/A       98%         2
 Call Canine Familiar     Summ           0%         N/A       100%        3
 Conjure Flame            Conj/Fire      0%         6-21      100%        3
 Inner Flame              Hex/Fire       0%         N/A       100%        3
 Mephitic Cloud           Conj/Pois/Air  0%         N/A       100%        3
 Portal Projectile        Hex/Tloc       0%         N/A       100%        3
 Flame Wave               Conj/Fire      0%         2d4       100%        4
 Leda's Liquefaction      Hex/Erth       0%         N/A       100%        4
 Olgreb's Toxic Radiance  Pois           0%         N/A       100%        4
 Passage of Golubria      Tloc           0%         N/A       100%        4
 Silence                  Hex/Air        0%         N/A       100%        5
 Lehudib's Crystal Spear  Conj/Erth      0%         10d2      100%        8


Dungeon Overview and Level Annotations

Branches:
Dungeon (5/15)
 Temple: D:4-7

Altars:

Annotations:
D:5 Prince Ribbit


Innate Abilities, Weirdness & Mutations

You thrive by killing the living.
You are immune to poison.
You have sharp fingernails.
Your flesh is cold resistant. (rC+)
You are immune to negative energy. (rN+++)
You do not regenerate when monsters are visible.
You are immune to unholy pain and torment.


Message History

You are too injured to fight recklessly!
You are too injured to fight recklessly!
You are too injured to fight recklessly!
You are too injured to fight recklessly!
You are too injured to fight recklessly!
You are too injured to fight recklessly!
You are too injured to fight recklessly!
You are too injured to fight recklessly!
You are too injured to fight recklessly!
You are too injured to fight recklessly!
You are too injured to fight recklessly!
You are too injured to fight recklessly!
You are too injured to fight recklessly!
You are too injured to fight recklessly!
You are too injured to fight recklessly!
You are too injured to fight recklessly!
You are too injured to fight recklessly!
You are too injured to fight recklessly!
You are too injured to fight recklessly!
You are too injured to fight recklessly!
You are too injured to fight recklessly!
You are too injured to fight recklessly!
It was a potion of attraction.
You feel attractive to monsters. Prince Ribbit hits you.
* * * LOW HITPOINT WARNING * * *
It was a potion of lignification.
You feel woody for a moment.
Prince Ribbit blinks!
Prince Ribbit is attracted toward you.
It was a potion of degeneration.
There was something very wrong with that liquid.
You feel weakened.
You feel dopey.
You feel clumsy. Prince Ribbit hits you!
* * * LOW HITPOINT WARNING * * *
It was a potion of flight.
You feel very buoyant.
You fly up into the air.
Prince Ribbit blinks!
Prince Ribbit is attracted toward you.
Prince Ribbit blinks!
Prince Ribbit is attracted toward you. Prince Ribbit hits you.
You die...

#.# .# ....### . ###
...... .. ...# #.#..##...
.####..###..#......
................## .#
..............§..####.###
...........@.........$...
...........F...........##
.#.................#?...
#......§............##.
#......................
##.............).#
##.............## #
##.............#####..#
#...).###...........#


You could see Prince Ribbit.

Vanquished Creatures
  A scorpion (D:4)
  A jelly (D:3)
  A bullfrog skeleton (D:4)
  Natasha (thrice) (D:3)
  A hound skeleton (D:2)
  Robin (D:3)
  4 adders
  An adder skeleton (D:4)
  A worm (D:2)
  A dart slug (D:2)
  8 orcs
  4 bats
  5 endoplasms
  6 giant cockroaches
  11 goblins
  11 hobgoblins
  8 jackals
  3 quokkas
  2 ball pythons
  6 frilled lizards
  6 kobolds
  4 rats
89 creatures vanquished.

Notes
Turn   | Place    | Note
-------+----------+-------------------------------------------
     0 | D:1      | HallandMoats the Ghoul Fighter began the quest for the Orb.
     0 | D:1      | Reached XP level 1. HP: 19/19 MP: 0/0
   452 | D:1      | Reached XP level 2. HP: 26/26 MP: 1/1
   682 | D:1      | Reached skill level 1 in Invocations
  1100 | D:2      | Reached XP level 3. HP: 31/31 MP: 2/2
  1550 | D:2      | Reached XP level 4. HP: 29/38 MP: 4/4
  1789 | D:2      | HP: 1/38 [orc (3)]
  2108 | D:3      | Noticed Natasha
  2123 | D:3      | Killed Natasha
  2124 | D:3      | Reached skill level 1 in Dodging
  2124 | D:3      | Reached XP level 5. HP: 30/46 MP: 5/5
  2130 | D:3      | Noticed Natasha
  2134 | D:3      | Killed Natasha
  2238 | D:3      | Noticed Natasha
  2254 | D:3      | Killed Natasha
  2609 | D:3      | Noticed Robin
  2619 | D:3      | Killed Robin
  2620 | D:3      | Reached XP level 6. HP: 52/52 MP: 7/7
  3713 | D:4      | Reached skill level 4 in Fighting
  3993 | D:5      | Entered Level 5 of the Dungeon
  4026 | D:5      | Noticed Prince Ribbit
  4043 | D:5      | Slain by Prince Ribbit

Illustrated notes

Levels and vault maps discovered:
D:1:      nzn_arrival_crosshair, layout_loops_corners
D:2:      layout_rooms
D:3:      layout_rooms, uniq_natasha, uniq_robin
D:4:      layout_basic, minmay_crossroads
D:5:      layout_rooms, nzn_overflow_gifts_of_might_and_magic,
          mainiacjoe_overflow_six_doors_small, minmay_temple_entry_statues,
          hangedman_decor_points, dk_vineyard_1, minmay_misc_feat_ornament,
          uniq_prince_ribbit1

Skill      XL: |  1  2  3  4  5  6 |
---------------+-------------------+-----
Polearms       | 2 3 |  3.6
Invocations    | 1 2 3 |  3.4
Shields        | 3 |  3.3
Armour         | 3 |  3.3
Dodging        | 1 |  1.6
Fighting       | 4 |  4.0

Action                   |  1- 3 |  4- 6 || total
-------------------------+-------+-------++-------
Melee: Trident           |   151 |    36 ||   187
       Flail             |       |   138 ||   138
  Use: Potion            |       |     5 ||     5
Armor: Scale mail        |    76 |   139 ||   215
Dodge: Dodged            |    61 |   106 ||   167
Block: Buckler           |    28 |    48 ||    76

Table legend: (Time is in decaauts)
 A = Elapsed time spent in this place.
 B = Non-inter-level travel time spent in this place.
 C = Inter-level travel time spent in this place.
 D = Time resting spent in this place.
 E = Time spent auto-exploring this place.
 F = Levels seen in this place.
 G = Mean time per level.
                   A        B        C        D        E       F      G
               +--------+--------+--------+--------+--------+-----+--------+
         Total |   4158 |   3961 |    197 |      0 |   3200 |   5 |  831.6 |
       Dungeon |   4158 |   3961 |    197 |      0 |   3200 |   5 |  831.6 |
               +--------+--------+--------+--------+--------+-----+--------+

Top non-repeatable levels by time:
     D:4: 1202 daAuts
     D:1: 1079 daAuts
     D:2: 1037 daAuts
     D:3: 782 daAuts
     D:5: 56 daAuts
